 Dungeon Crawl Stone Soup version 0.22.0-1-g6561e4c (webtiles) character file.

2217182 zkyp the Slayer (level 27, 202/202 HPs)
             Began as a Kobold Venom Mage on Aug 12, 2018.
             Was an Elder of Jiyva.
             Escaped with the Orb
             ... and 4 runes!
             The game lasted 03:12:42 (74887 turns).

zkyp the Slayer (Kobold Venom Mage)                Turns: 74887, Time: 03:12:43

Health: 202/202    AC: 39    Str: 23    XL:     27
Magic:  29/29      EV: 43    Int: 16    God:    Jiyva [****..]
Gold:   4313       SH: 12    Dex: 37    Spells: 34/34 levels left

rFire    + + +     SeeInvis .   a - +9 demon blade (freeze)
rCold    + + +     Gourm    .   s - +2 buckler {AC+3}
rNeg     + . .     Faith    .   d - +9 ice dragon scales
rPois    +         Spirit   .   I - +2 hat
rElec    +         Reflect  .   i - +2 cloak {rC+}
rCorr    +         Harm     .   K - +0 pair of gloves of Vlad {-Cast Str+2 Int+3 Dex+6}
MR       ++...     Rnd*Tele +   S - +0 pair of boots of Absence {rF++ rN+ Str+4 Dex-2} Stlth ++........NoCast +
                                L - amulet of Tonyunad {Acrobat Dex+7}
HPRegen  0.43/turn              l - ring of the Final Realms {rPois Str+2}
MPRegen  0.21/turn              B - ring of Xurogodgh {rElec rF+++ Int-3 Dex+2 Stlth+}

@: agile, hasted, very quick
A: small, hooves 1, rugged brown scales 2, carnivore, fire resistance 1,
teleportitis 1, acidic bite, eyeballs 2, gelatinous body 1, pseudopods 2,
translucent skin 1, jelly sensing items
0: Orb of Zot
}: 4/15 runes: decaying, slimy, abyssal, gossamer
a: Request Jelly, Slimify, Renounce Religion


You escaped.
You worshipped Jiyva.
Jiyva was greatly pleased with you.
You were not hungry.

You visited 11 branches of the dungeon, and saw 54 of its levels.
You visited the Abyss 2 times.
You also visited: Labyrinth, Ossuary, Bailey and Ice Cave.

You collected 5534 gold pieces.
You spent 1221 gold pieces at shops.

Inventory:

Hand Weapons
 a - a +9 demon blade of freezing (weapon)
Missiles
 D - 2 throwing nets {=f =F}
Armour
 d - +9 ice dragon scales (worn)
 i - a +2 cloak of cold resistance (worn)
 k - a +0 helmet
 s - a +2 buckler of protection (worn)
 I - a +2 hat (worn)
 K - the +0 pair of gloves of Vlad (worn) {-Cast Str+2 Int+3 Dex+6}
   (You acquired it on level 15 of the Dungeon)

   It affects your strength (+2).
   It affects your intelligence (+3).
   It affects your dexterity (+6).
   It prevents spellcasting.
 S - the +0 pair of boots of Absence (worn) {rF++ rN+ Str+4 Dex-2}
   (You found it on level 7 of the Dungeon)

   It affects your strength (+4).
   It affects your dexterity (-2).
   It greatly protects you from fire.
   It protects you from negative energy.
Jewellery
 h - the ring "Acyts" {Fire Str+5}
   (You took it off a deep elf annihilator on level 3 of the Elven Halls)

   [ring of fire]

   It enhances your fire magic.
   It affects your strength (+5).
   It protects you from fire.
   It makes you vulnerable to cold.
 l - the ring of the Final Realms (left hand) {rPois Str+2}
   (You found it on level 4 of the Spider Nest)

   [ring of poison resistance]

   It affects your strength (+2).
   It protects you from poison.
 A - the ring "Uheng" {rF+ rN+ MR- SInv Stlth+}
   (You took it off a deep elf elementalist on level 3 of the Elven Halls)

   [ring of see invisible]

   It protects you from fire.
   It protects you from negative energy.
   It affects your resistance to hostile enchantments.
   It lets you see invisible.
   It makes you more stealthy.
 B - the ring of Xurogodgh (right hand) {rElec rF+++ Int-3 Dex+2 Stlth+}
   (You found it on level 3 of the Swamp)

   [ring of dexterity]

   It affects your intelligence (-3).
   It affects your dexterity (+2).
   It renders you almost immune to fire.
   It insulates you from electricity.
   It makes you more stealthy.
 E - the ring of Xyshavot {AC+5 Int+6}
   (You took it off a deep elf blademaster on level 3 of the Elven Halls)

   [ring of protection]

   It affects your AC (+5).
   It affects your intelligence (+6).
 L - the amulet of Tonyunad (around neck) {Acrobat Dex+7}
   (You found it on level 3 of the Swamp)

   [amulet of the acrobat]

   It helps you evade while moving and waiting.
   It affects your dexterity (+7).
 V - a +3 ring of slaying
 W - an uncursed ring of protection from magic
Wands
 b - a wand of digging (6)
 g - a wand of acid (9)
 t - a wand of iceblast (8)
Scrolls
 f - 7 scrolls of fear
 o - 6 scrolls of fog
 p - 15 scrolls of remove curse {@r1}
 u - 4 scrolls of magic mapping
 F - 6 scrolls of teleportation
 G - 2 scrolls of identify {@r2}
 J - 3 scrolls of blinking
 O - 2 scrolls of silence {!r}
Potions
 n - 2 potions of magic
 r - 8 potions of curing {@q1}
 v - a potion of ambrosia
 w - a potion of might
 x - 10 potions of agility
 C - 3 potions of heal wounds
 H - 4 potions of invisibility
 N - 6 potions of mutation {!q}
 Q - a potion of resistance
 R - 4 potions of flight
 Y - 2 potions of berserk rage {!q}
 Z - a potion of cancellation
Comestibles
 c - 59 rations


   Skills:
 + Level 25.0 Fighting
   Level 14.0(17.9) Short Blades
 - Level 12.9(14.0) Long Blades
 - Level 23.7 Armour
 - Level 22.2 Dodging
 - Level 2.6 Stealth
 - Level 5.6 Shields
 - Level 4.4 Spellcasting
   Level 5.3 Conjurations
   Level 6.1 Fire Magic
   Level 3.4 Air Magic
   Level 3.0 Poison Magic


You had 34 spell levels left.
You didn't know any spells.
Your spell library contained the following spells:

 Spells                   Type           Power        Failure   Level  Hunger
 Magic Dart               Conj           ###.         3%          1    None
 Fireball                 Conj/Fire      ###.......   58%         5    ######.
 Apportation              Tloc           #.....       28%         1    None
 Conjure Flame            Conj/Fire      ###.....     8%          3    ###....
 Bolt of Fire             Conj/Fire      ###.......   99%         6    #######
 Bolt of Magma            Conj/Fire/Erth ###.......   85%         5    ######.
 Slow                     Hex            #.......     38%         2    ##.....
 Invisibility             Hex            #.......     100%        6    #######
 Throw Flame              Conj/Fire      ###...       4%          2    ##.....
 Throw Frost              Conj/Ice       ##....       14%         2    ##.....
 Controlled Blink         Tloc           N/A          100%        8    #######
 Freezing Cloud           Conj/Ice/Air   ##........   100%        6    #######
 Mephitic Cloud           Conj/Pois/Air  ###.....     17%         3    ###....
 Venom Bolt               Conj/Pois      ###.......   80%         5    ######.
 Olgreb's Toxic Radiance  Pois           ##......     63%         4    ####...
 Summon Small Mammal      Summ           #...         28%         1    None
 Bolt of Draining         Conj/Necr      ##........   95%         5    ######.
 Iskenderun's Mystic Bla  Conj           ###.....     30%         4    ####...
 Animate Dead             Necr           N/A          95%         4    ####...
 Pain                     Necr           #...         28%         1    None
 Animate Skeleton         Necr           N/A          28%         1    None
 Vampiric Draining        Necr           #.........   63%         3    ###....
 Freeze                   Ice            #...         28%         1    None
 Sticky Flame             Conj/Fire      ###.....     26%         4    ####...
 Call Imp                 Summ           #.......     38%         2    ##.....
 Regeneration             Chrm/Necr      #.........   63%         3    ###....
 Sting                    Conj/Pois      ###.         4%          1    None
 Sublimation of Blood     Necr           #.........   38%         2    ##.....
 Tukima's Dance           Hex            #.......     63%         3    ###....
 Summon Demon             Summ           #.........   100%        5    ######.
 Iron Shot                Conj/Erth      ##........   100%        6    #######
 Stone Arrow              Conj/Erth      ##....       28%         3    ###....
 Shock                    Conj/Air       ###.         4%          1    None
 Recall                   Summ/Tloc      N/A          63%         3    ###....
 Spider Form              Tmut/Pois      #.........   41%         3    ###....
 Blade Hands              Tmut           #.........   100%        5    ######.
 Statue Form              Tmut/Erth      #........    100%        6    #######
 Ice Form                 Ice/Tmut       #.......     95%         4    ####...
 Death Channel            Necr           #.........   100%        6    #######
 Deflect Missiles         Chrm/Air       #.........   100%        6    #######
 Confusing Touch          Hex            #.....       28%         1    None
 Flame Tongue             Conj/Fire      ###..        2%          1    None
 Passwall                 Tmut/Erth      #.......     38%         2    ##.....
 Sticks to Snakes         Tmut           #.......     38%         2    ##.....
 Summon Butterflies       Summ           #.......     28%         1    None
 Silence                  Hex/Air        #.........   98%         5    ######.
 Dispersal                Tloc           #.........   100%        6    #######
 Alistair's Intoxication  Tmut/Pois      #.......     99%         5    ######.
 Lee's Rapid Deconstruct  Erth           #.........   100%        5    ######.
 Sandblast                Erth           #.....       28%         1    None
 Simulacrum               Ice/Necr       #.........   100%        6    #######
 Conjure Ball Lightning   Conj/Air       ###.......   100%        6    #######
 Excruciating Wounds      Chrm/Necr      #.........   100%        5    ######.
 Portal Projectile        Hex/Tloc       #.....       63%         3    ###....
 Petrify                  Tmut/Erth      #.......     95%         4    ####...
 Orb of Destruction       Conj           ###.......   100%        7    #######
 Tornado                  Air            ##........   100%        9    #######
 Leda's Liquefaction      Hex/Erth       #.........   95%         4    ####...
 Shroud of Golubria       Chrm/Tloc      #.........   38%         2    ##.....
 Inner Flame              Hex/Fire       ##......     24%         3    ###....
 Beastly Appendage        Tmut           #.....       28%         1    None
 Disjunction              Tloc           #.........   100%        8    #######
 Iskenderun's Battlesphe  Conj/Chrm      ##......     95%         5    ######.
 Fulminant Prism          Conj/Hex       ##........   67%         4    ####...
 Dazzling Spray           Conj/Hex       ##....       28%         3    ###....
 Force Lance              Conj/Tloc      ##......     67%         4    ####...
 Song of Slaying          Chrm           #.......     38%         2    ##.....
 Searing Ray              Conj           ###...       4%          2    ##.....
 Summon Lightning Spire   Summ/Air       #.......     80%         4    ####...
 Summon Guardian Golem    Hex/Summ       #.......     63%         3    ###....
 Dragon's Call            Summ           #.........   100%        9    #######
 Spellforged Servitor     Conj/Summ      ##........   100%        7    #######
 Summon Mana Viper        Hex/Summ       #.......     100%        5    ######.
 Irradiate                Conj/Tmut      ##........   95%         5    ######.
 Gell's Gravitas          Tloc           #.........   63%         3    ###....
 Yara's Violent Unravell  Hex/Tmut       #.........   100%        5    ######.
 Lesser Beckoning         Tloc           #.........   63%         3    ###....
 Poisonous Vapours        Pois/Air       ##....       12%         2    ##.....
 Ignition                 Fire           ###.......   100%        8    #######
 Borgnjor's Vile Clutch   Necr/Erth      #.........   100%        5    ######.


Dungeon Overview and Level Annotations

Branches:
Dungeon (15/15)            Temple (1/1) D:6            Lair (6/6) D:11
  Swamp (4/4) Lair:3       Spider (4/4) Lair:2        Slime (5/5) Lair:5
    Orc (2/2) D:12            Elf (3/3) Orc:2        Vaults (4/5) D:13
  Crypt (0/3) Vaults:2     Depths (5/5) D:15            Zot (5/5) Depths:5

Altars:
Ashenzari
Cheibriados
Dithmenos
Elyvilon
Fedhas
Gozag
Hepliaklqana
Kikubaaqudgha
Makhleb
Nemelex Xobeh
Okawaru
Qazlal
Ru
Sif Muna
Trog
Uskayaw
Vehumet
Wu Jian
Xom
Yredelemnul
Zin
The Shining One
Jiyva
Lugonu

Shops:
D:5 !   Orc:2 !?!(   Elf:1 %}

Portals:
Hell: Depths:1 Depths:2 Depths:3 Depths:4 Depths:5
Abyss: Depths:2 Depths:3 Depths:4 Depths:5
Pandemonium: Depths:3 Depths:4
Ziggurat: Depths:5

Annotations:
Lair:1 exclusion: oklob plant
Slime:5 Royal Jelly
Elf:1 2 transporters, Ymberto's ghost, journeyman DEFE
Depths:2 exclusions: fire elemental and 2 obsidian statues
Zot:4 exclusion: door


Innate Abilities, Weirdness & Mutations

You are small and have problems with some larger weapons.
You are carnivorous and can eat meat at any time.
You have large cloven feet.
You are mostly covered in rugged brown scales. (AC +2, +5% HP)
Your flesh is heat resistant. (rF+)
You are occasionally teleported next to monsters.
You have acidic saliva.
Your body has grown many golden eyes which may confuse attackers. (Acc +5)
Your rubbery body absorbs attacks. (AC +1, EV +1)
Armour fits poorly on your large pseudopods.
Your translucent skin slightly reduces your foes' accuracy. (Stealth)
You have a small jelly attached to you that senses nearby items.


Message History

You hear a grinding noise.
You see here a ring mail.
There is a stone staircase leading up here.
You climb upwards.
There is a stone staircase leading down here.
There is an open door here.
HP restored.
You hear a grinding noise.
There is a stone staircase leading up here.
You climb upwards.
There is a stone staircase leading down here.
An orange demon comes into view.
Jiyva gurgles merrily.
You feel agile all of a sudden.
You feel yourself speed up.
You hear a distant slurping noise.
Okay, then.
There is an open door here.
There is a staircase leading out of the dungeon here.
You have escaped!

##...##.# #.# #######.#
##.###.###.# #....##.# #.#
♣#..♣♣###.......#
####♣♣.#.♣##.###.####
#...........♣ #...#
#...........# #[#.#
♣..####'##..# #...##
##..#.....#..♣♣#....##
♣♣...#..@..#...♣#...#.#
♣.♣..#.....#.(♣.♣.###.# #
♣♣...#.....#...#♣.....# #######
#♣..#.....#..#♣#.....# ......#
♣..####+##..♣ #.....# #.#.#.#
#...........# ##.##.# ......#
#♣...........♣ ##.##.#
#.#.#.####.♣♣♣#.#.###≈###...#.#
...........♣ #♣♣.≈♣#≈♣........#


There were no monsters in sight!

Vanquished Creatures
  6 orbs of fire
  Mara (Vaults:3)
  4 ancient liches (Zot:5)
  3 Killer Klowns (Zot:5)
  2 curse toes (Zot:1)
  The ghost of Heuceoga the Warrior, an adept OgFE of Kikubaaqudgha (Depths:4)
  6 golden dragons
  Arachne (Spider:3)
  4 bone dragons
  A Tzitzimitl (Depths:3)
  A Brimstone Fiend (D:8)
  An electric golem (Zot:5)
  A hellephant (Abyss:5)
  19 tentacled monstrosities
  24 Orb Guardians
  4 deep elf blademasters
  The ghost of Malor the Tortoise, an adept GrFi of Dithmenos (Elf:2)
  A pandemonium lord (D:15)
  9 quicksilver dragons
  12 death cobs
  A deep elf master archer (Elf:3)
  A sphinx (Depths:1)
  Gastronok (Orc:1)
  A thorn hunter (Swamp:3)
  9 shadow dragons
  6 tengu reavers
  11 storm dragons
  8 draconian monks
  Roxanne (Spider:4)
  3 iron dragons
  5 fire giants
  9 deep elf sorcerers
  11 ghost moths
  11 vault wardens
  Louise (Elf:1)
  2 frost giants (Depths:4)
  6 emperor scorpions
  4 draconian scorchers
  7 draconian knights
  6 deep elf elementalists (Elf:3)
  A juggernaut zombie (D:15)
  9 ironheart preservers
  5 draconian annihilators
  8 draconian shifters
  2 spriggan defenders
  A reaper (Zot:5)
  19 very ugly things
  An entropy weaver (Spider:3)
  4 war gargoyles (Depths:2)
  4 vampire knights
  19 stone giants
  Nessos (Orc:2)
  4 deep elf demonologists
  5 white draconians
  3 deep elf annihilators (Elf:3)
  12 green draconians
  9 red draconians
  A spectral titan (D:15)
  13 black draconians
  5 dire elephants (Abyss:5)
  12 purple draconians
  4 spark wasps
  14 yellow draconians
  6 ettins
  2 blizzard demons
  A spectral quicksilver dragon (D:15)
  A green death (Zot:1)
  8 fire dragons
  7 deep elf death magi
  Josephine (Lair:5)
  3 jiangshi (Depths:5)
  10 crystal guardians (Depths:2)
  A merfolk impaler (Depths:3)
  7 yaktaur captains
  9 rakshasas
  Fannar (Orc:1)
  3 deep elf high priests
  Erolcha (D:9)
  A vault guard (Vaults:3)
  16 hydras
  11 ice dragons
  A merfolk avatar (Lair:6)
  5 spriggan air magi
  The ghost of Opek the Eclecticist, a journeyman DEFE of Sif Muna (D:15)
  A ghost crab (Swamp:2)
  A monstrous demonspawn (Depths:3)
  12 ogre magi
  10 centaur warriors
  34 two-headed ogres
  7 death yaks
  28 dancing weapons
  A catoblepas (D:14)
  A satyr (shapeshifter) (Depths:2)
  2 vampire magi
  4 alligators
  6 deep troll earth magi
  8 deep troll shamans
  3 thrashing horrors (Abyss:5)
  2 tengu warriors
  Urug (Lair:6)
  A storm dragon zombie (Vaults:3)
  3 spriggan berserkers
  10 soul eaters
  An orc high priest (Elf:2)
  19 deep elf knights
  2 iron trolls (Depths:4)
  3 shadow wraiths
  3 sun demons
  A fire crab (Lair:6)
  Sonja (Orc:1)
  2 death drakes (Zot:1)
  7 wretched stars (Abyss:5)
  A fire crab (shapeshifter) (Vaults:3)
  5 skeletal warriors
  3 sixfirhies
  2 sea snakes (Lair:6)
  3 unseen horrors
  11 deep trolls
  11 hell knights
  3 spriggan druids
  2 spatial maelstroms (Abyss:5)
  A golden dragon zombie (Depths:1)
  3 shadow demons (Depths:3)
  10 ironbrand convokers
  4 wizards (Vaults:1)
  A tengu zombie (Depths:4)
  3 flayed ghosts
  A spectral iron dragon (D:15)
  9 swamp dragons
  3 obsidian statues
  13 orc knights
  2 phantasmal warriors (Depths:4)
  4 harpies (Vaults:3)
  18 deep elf archers
  41 wolf spiders
  A golden dragon skeleton (Depths:4)
  A sphinx zombie (D:15)
  49 ugly things
  51 deep elf magi
  8 necromancers
  A human zombie (Vaults:3)
  3 orc sorcerers
  4 manticores
  17 orb spiders
  A tengu skeleton (Depths:1)
  7 cyclopes
  9 elephants
  A stone giant skeleton (Vaults:3)
  18 moths of wrath
  13 vault sentinels
  An elephant (shapeshifter) (Depths:2)
  2 centaur zombies (D:14)
  2 black mambas (shapeshifter)
  3 rust devils
  2 orange demons (Depths:1)
  2 ice statues (IceCv)
  2 molten gargoyles (Depths:2)
  3 black mambas
  A storm dragon simulacrum (Vaults:3)
  22 spiny frogs
  6 komodo dragons
  A spriggan skeleton (Depths:4)
  3 gargoyles
  A spiny frog (shapeshifter) (Vaults:2)
  A rime drake (shapeshifter) (Vaults:1)
  A redback zombie (D:14)
  A yaktaur zombie (D:15)
  10 rime drakes
  2 hellions
  2 hellwings
  19 demonic crawlers
  A komodo dragon (shapeshifter) (Vaults:1)
  4 ancient zymes (Abyss:5)
  A kobold demonologist (D:13)
  10 freezing wraiths
  31 yaktaurs
  9 ice devils
  2 guardian mummies
  A queen bee (Spider:4)
  5 trolls
  5 red devils
  A meliai (shapeshifter) (Elf:3)
  3 meliai
  5 tengu conjurers
  31 hornets
  5 polar bears
  7 tyrant leeches
  2 wind drakes (Lair:6)
  32 jumping spiders
  A hippogriff (shapeshifter) (Vaults:1)
  17 raiju
  Prince Ribbit (D:8)
  9 hippogriffs
  8 blink frogs
  3 bog bodies
  A deep troll zombie (Depths:1)
  A frost giant simulacrum (Vaults:2)
  A centaur simulacrum (D:14)
  8 water elementals
  13 spriggans
  5 air elementals
  4 shadows
  3 human simulacra
  33 tarantellas
  A tarantella (shapeshifter) (Depths:2)
  81 redbacks
  3 ynoxinuls
  5 wraiths
  A human (shapeshifter) (Vaults:2)
  19 yaks
  An ice dragon skeleton (Depths:1)
  6 fire elementals
  16 humans
  3 large abominations (Abyss:5)
  7 wyverns
  7 basilisks
  A steam dragon (D:12)
  A chaos spawn (Zot:5)
  2 neqoxecs (Abyss:5)
  5 hungry ghosts
  Menkaure (D:7)
  2 wargs (Elf:2)
  12 vampire mosquitoes
  14 insubstantial wisps
  15 swamp worms
  Edmund (D:6)
  A soldier ant (D:13)
  A swamp worm (shapeshifter) (Depths:2)
  A hell hound (Abyss:5)
  2 acid dragons
  14 water moccasins
  7 porcupines
  10 swamp drakes
  37 orc warriors
  5 sky beasts
  2 spriggan simulacra (D:15)
  A deep troll simulacrum (D:15)
  3 phantoms
  A black bear (D:13)
  2 ice beasts
  2 necrophages
  53 ogres
  13 boggarts
  10 centaurs
  4 wolves (Lair:3)
  17 crocodiles
  3 big kobolds
  20 bullfrogs
  10 earth elementals
  2 wyvern skeletons
  5 scorpions
  A water moccasin zombie (D:5)
  An elf simulacrum (Vaults:3)
  19 killer bees
  3 wights (D:9)
  3 electric eels
  A howler monkey (D:5)
  10 crimson imps
  7 hounds
  4 jellies
  18 orc priests
  2 bullfrog skeletons
  3 centaur skeletons
  22 orc wizards
  An iron imp (Depths:1)
  7 worker ants
  2 iguanas
  2 killer bee zombies
  A big kobold zombie (Ossuary)
  A hound skeleton (D:6)
  8 mummies (Ossuary)
  3 worker ant zombies
  7 gnolls (Bailey)
  A howler monkey skeleton (D:4)
  13 adders
  6 shadow imps
  24 white imps
  6 ufetubi (IceCv)
  2 adder zombies
  3 dart slugs
  5 worms
  6 leopard geckos
  A leopard gecko (shapeshifter) (Depths:2)
  113 orcs
  3 ball pythons
  7 bats
  8 giant cockroaches
  39 goblins
  24 hobgoblins
  5 jackals
  18 kobolds
  9 quokkas
  5 frilled lizards
  2 gnoll zombies (Ossuary)
  A hobgoblin zombie (Ossuary)
  3 kobold zombies (Ossuary)
  A leopard gecko zombie (D:4)
  An orc zombie (Ossuary)
  A quokka skeleton (D:5)
  7 rats
2190 creatures vanquished.

Vanquished Creatures (collateral kills)
  A minotaur (Lab)
  An ettin (Vaults:2)
  A necromancer (D:15)
  An orc knight (Vaults:2)
  An orb spider (Spider:2)
  A stone giant skeleton (D:15)
  A hornet (Swamp:4)
  A spriggan (Swamp:2)
  2 tarantellas (Spider:2)
  A redback (Lab)
11 creatures vanquished.

Vanquished Creatures (others)
  An ancient lich (Zot:5)
  An orb of fire (Zot:5)
  An electric golem (Zot:5)
  A tentacled monstrosity (Zot:3)
  2 titans (Zot:3)
  A lich (Depths:5)
  11 acid blobs
  A deep elf master archer (Elf:3)
  An Executioner (Abyss:5)
  2 eldritch tentacles
  2 death cobs
  A quicksilver dragon (Zot:2)
  A shadow dragon (Depths:3)
  An azure jelly (shapeshifter) (Depths:2)
  6 azure jellies
  2 draconian monks
  A fire giant (Depths:3)
  A ghost moth (Zot:4)
  A vault warden (Vaults:3)
  A spectral juggernaut (D:15)
  A frost giant (Depths:1)
  2 draconian shifters (Zot:4)
  A reaper (IceCv)
  A very ugly thing (Vaults:3)
  An ironheart preserver (Vaults:3)
  A war gargoyle (Zot:3)
  A stone giant (Vaults:3)
  A draconian annihilator (Zot:4)
  2 purple draconians
  A yellow draconian (Zot:4)
  A green draconian (Zot:5)
  A red draconian (Zot:4)
  A green death (Zot:4)
  A blizzard demon (Depths:2)
  An ettin (Depths:4)
  2 fire dragons
  9 great orbs of eyes
  2 ice dragons
  A hydra (Swamp:4)
  A rakshasa (Vaults:3)
  A spriggan air mage (Depths:4)
  2 ogre magi (Orc:2)
  A deep troll earth mage (D:15)
  2 dancing weapons
  A hell hog (D:15)
  A deep elf knight (Vaults:3)
  A soul eater (Zot:5)
  6 glowing orange brains
  A shadow demon (Zot:5)
  A shambling mangrove (Swamp:2)
  An obsidian statue (Depths:2)
  An ironbrand convoker (Vaults:2)
  A necromancer (Depths:1)
  10 deep elf magi
  A shining eye (Slime:5)
  3 ugly things
  A cyclops (shapeshifter) (Depths:2)
  3 moths of wrath
  A water nymph (shapeshifter) (Depths:2)
  A black mamba (shapeshifter) (Vaults:2)
  An eye of devastation (Slime:5)
  A gargoyle (Depths:2)
  2 centaur skeletons
  A hellwing (Depths:1)
  A troll (shapeshifter) (Depths:2)
  A wind drake (shapeshifter) (Depths:2)
  A hornet (shapeshifter) (Vaults:2)
  23 slime creatures
  A blink frog (Lair:5)
  A raiju (Depths:2)
  4 shadows
  2 water elementals
  3 redbacks (Spider:1)
  3 spriggans
  An air elemental (Depths:2)
  A spriggan (shapeshifter) (Vaults:3)
  A vampire mosquito (Lair:2)
  A swamp worm (shapeshifter) (Depths:2)
  An insubstantial wisp (Depths:2)
  An acid dragon (Vaults:2)
  A floating eye (shapeshifter) (Depths:2)
  A floating eye (Depths:3)
  4 swamp drakes
  An eye of draining (D:13)
  An orc warrior (Vaults:3)
  4 ogres
  2 boggarts
  5 centaurs (D:15)
  2 earth elementals
  A bullfrog (D:12)
  A killer bee (Spider:4)
  426 jellies
  A crimson imp (Depths:1)
  An orc priest (D:12)
  An orc wizard (D:12)
  3 ufetubi (IceCv)
  12 ball lightnings
  9 orcs
  2 fire vortices (Vaults:2)
  45 fungi
  A lurking horror (Abyss:5)
  26 plants
  5 withered plants (D:15)
717 creatures vanquished.

Grand Total: 2918 creatures vanquished

Notes
Turn   | Place    | Note
-------+----------+-------------------------------------------
     0 | D:1      | zkyp the Kobold Venom Mage began the quest for the Orb.
     0 | D:1      | Reached XP level 1. HP: 10/10 MP: 3/3
   395 | D:1      | Reached skill level 1 in Short Blades
   395 | D:1      | Reached XP level 2. HP: 15/16 MP: 3/5
   812 | D:1      | Reached XP level 3. HP: 20/20 MP: 4/6
  1223 | D:1      | Learned a level 3 spell: Mephitic Cloud
  1440 | D:2      | Found a burning altar of Makhleb.
  2134 | D:2      | Reached XP level 4. HP: 24/24 MP: 7/7
  2989 | D:3      | Reached skill level 5 in Short Blades
  2989 | D:3      | Reached XP level 5. HP: 20/28 MP: 2/8
  3744 | D:3      | Reached skill level 1 in Air Magic
  3744 | D:3      | Reached XP level 6. HP: 33/33 MP: 1/9
  5611 | D:4      | Reached XP level 7. HP: 36/37 MP: 6/10
  6346 | D:4      | Got a warped leather armour
  6830 | D:4      | Identified the +3 leather armour of Surprise {Int+3} (You found it on level 4 of the Dungeon)
  6859 | D:5      | Entered Level 5 of the Dungeon
  6964 | D:5      | Reached skill level 1 in Fighting
  6972 | D:5      | Reached skill level 2 in Fighting
  7065 | D:5      | Got a transparent rapier
  7068 | D:5      | Identified the +3 rapier of Xuokepp {drain, *Rage *Corrode rN+++ MR++} (You found it on level 5 of the Dungeon)
  7097 | D:5      | Reached XP level 8. HP: 42/45 MP: 8/11
  7101 | D:5      | Reached skill level 3 in Fighting
  7301 | D:5      | Found Zainifawk's Distillery.
  7313 | D:5      | Bought a potion of heal wounds for 65 gold pieces
  7313 | D:5      | Bought a potion of might for 52 gold pieces
  7908 | D:6      | Reached skill level 5 in Dodging
  7917 | D:6      | Noticed Edmund
  7924 | D:6      | Killed Edmund
  7924 | D:6      | Reached skill level 4 in Fighting
  8216 | D:6      | Reached skill level 5 in Fighting
  8216 | D:6      | Reached XP level 9. HP: 54/54 MP: 8/12
  8222 | D:6      | Learned a level 4 spell: Sticky Flame
  8286 | D:6      | Found a staircase to the Ecumenical Temple.
  8296 | D:6      | Found a stormy altar of Qazlal.
  8302 | Temple   | Entered the Ecumenical Temple
  8633 | D:6      | Noticed a two-headed ogre
  8651 | D:6      | Killed a two-headed ogre
  8651 | D:6      | Reached skill level 5 in Fire Magic
  8930 | D:6      | Got a scorched lapis lazuli ring
  9476 | D:7      | Reached XP level 10. HP: 50/59 MP: 12/15
  9527 | D:7      | Reached skill level 5 in Conjurations
  9669 | D:7      | Found a sand-covered staircase.
  9675 | Ossuary  | Entered an ossuary
  9698 | Ossuary  | Identified the cursed ring "Ilamax" {+Inv Int-2} (You found it on level 6 of the Dungeon)
 10683 | D:7      | Reached skill level 6 in Fighting
 10735 | D:7      | Got a pair of encrusted boots
 10754 | D:7      | Noticed Menkaure
 10767 | D:7      | Killed Menkaure
 10820 | D:7      | Identified the cursed +0 pair of boots of Absence {rF++ rN+ Str+4 Dex-2} (You found it on level 7 of the Dungeon)
 11724 | D:8      | Noticed Prince Ribbit
 11734 | D:8      | Killed Prince Ribbit
 11734 | D:8      | Reached skill level 7 in Fighting
 12718 | D:9      | Noticed Erolcha
 12768 | D:9      | Killed Erolcha
 12768 | D:9      | Reached skill level 8 in Fighting
 12768 | D:9      | Reached XP level 11. HP: 42/68 MP: 6/17
 13399 | D:9      | Reached skill level 10 in Dodging
 13418 | D:9      | Reached skill level 9 in Fighting
 13833 | D:10     | Entered Level 10 of the Dungeon
 13916 | D:10     | Found a flagged portal.
 13921 | Bailey   | Entered a bailey
 14234 | Bailey   | Reached skill level 1 in Armour
 14542 | Bailey   | Noticed an orc knight
 14564 | Bailey   | Killed an orc knight
 14567 | Bailey   | Noticed an orc knight
 14609 | Bailey   | Killed an orc knight
 14744 | Bailey   | Noticed an orc knight
 14771 | Bailey   | Noticed an orc warlord
 15071 | Bailey   | Killed an orc knight
 15234 | Bailey   | Reached XP level 12. HP: 75/75 MP: 18/18
 16001 | D:11     | Noticed a two-headed ogre
 16048 | D:11     | Killed a two-headed ogre
 16192 | D:11     | Reached XP level 13. HP: 74/79 MP: 19/19
 16402 | D:11     | Identified a scroll of acquirement
 16494 | D:11     | Reached skill level 10 in Fighting
 16786 | D:11     | Found a staircase to the Lair.
 16897 | Lair:1   | Entered Level 1 of the Lair of Beasts
 18270 | Lair:2   | Reached skill level 11 in Fighting
 18273 | Lair:2   | Found a frozen archway.
 18332 | IceCv    | Entered an ice cave
 18696 | IceCv    | Killed a reaper
 19653 | IceCv    | Got an ivory demon trident
 19654 | IceCv    | Identified the cursed +3 demon trident of the Beast {elec, Fragile Str+6} (You found it in an ice cave)
 20498 | Lair:2   | Found a hole to the Spider Nest.
 20542 | Lair:2   | Reached skill level 12 in Fighting
 21814 | Lair:3   | Reached XP level 14. HP: 92/92 MP: 15/20
 22364 | Lair:3   | Found a staircase to the Swamp.
 22674 | Lair:2   | Reached skill level 13 in Fighting
 23993 | Lair:5   | Noticed Josephine
 24941 | Lair:5   | Killed Josephine
 25140 | Lair:5   | Reached skill level 15 in Dodging
 25365 | Lair:5   | Found a runed door.
 25366 | Lair:5   | Found a viscous altar of Jiyva.
 25366 | Lair:5   | Noticed an azure jelly
 25367 | Lair:5   | Found a staircase to the Slime Pits.
 25367 | Lair:5   | Noticed an azure jelly
 25367 | Lair:5   | Noticed an azure jelly
 25367 | Lair:5   | Noticed an azure jelly
 25654 | Lair:5   | Became a worshipper of Jiyva Jauza the Shapeless
 25683 | Lair:5   | Killed an azure jelly
 25873 | Lair:6   | Entered Level 6 of the Lair of Beasts
 26083 | Lair:6   | Reached * piety under Jiyva
 26142 | Lair:6   | Reached skill level 14 in Fighting
 26223 | Lair:6   | Reached ** piety under Jiyva
 26483 | Lair:6   | Got a transparent scale mail
 26961 | Lair:6   | Noticed Urug
 27529 | Lair:6   | Reached XP level 15. HP: 71/101 MP: 21/21
 27814 | Lair:6   | Killed Urug
 28330 | Lair:6   | Got a crude trident
 28785 | Lair:6   | Reached skill level 15 in Fighting
 28939 | Lair:6   | Reached *** piety under Jiyva
 28939 | Lair:6   | Gained mutation: You have large cloven feet. [Jiyva's grace]
 29438 | D:12     | Found a staircase to the Orcish Mines.
 30377 | D:12     | Identified the +2 scale mail of the Vestibule of Hell {Dex+2} (You found it on level 6 of the Lair of Beasts)
 30388 | Orc:1    | Entered Level 1 of the Orcish Mines
 30446 | Orc:1    | Noticed Fannar
 30447 | Orc:1    | Noticed Sonja
 30460 | Orc:1    | Killed Sonja
 30475 | Orc:1    | Killed Fannar
 30735 | Orc:1    | Gained mutation: Your spells are a little harder to cast, but a little more powerful. [Jiyva's grace]
 30736 | Orc:1    | Reached **** piety under Jiyva
 30829 | Orc:1    | Noticed Gastronok
 30846 | Orc:1    | Killed Gastronok
 31259 | Orc:1    | Gained mutation: You have a small jelly attached to you that senses nearby items. [Jiyva's grace]
 31357 | Orc:2    | Entered Level 2 of the Orcish Mines
 31434 | Orc:2    | Found a staircase to the Elven Halls.
 31539 | Orc:2    | Noticed Nessos
 31541 | Orc:2    | Found Celeusis's Distillery.
 31541 | Orc:2    | Found Fuakebew's Distillery.
 31541 | Orc:2    | Found Ciarusti's Antique Weapon Shoppe.
 31541 | Orc:2    | Found Kibrul's Magic Scroll Shop.
 31626 | Orc:1    | Reached ***** piety under Jiyva
 32047 | Orc:2    | Gained mutation: Armour fits poorly on your pseudopods. [Jiyva's grace]
 32077 | Orc:2    | Killed Nessos
 32077 | Orc:2    | Reached skill level 5 in Armour
 32212 | Orc:2    | Lost mutation: You have large cloven feet. [Jiyva's grace]
 32246 | Orc:2    | Reached ****** piety under Jiyva
 32351 | Orc:2    | Lost mutation: Your spells are a little harder to cast, but a little more powerful. [Jiyva's grace]
 32646 | Orc:2    | Reached XP level 16. HP: 108/108 MP: 22/22
 32685 | Orc:2    | Lost mutation: Armour fits poorly on your pseudopods. [Jiyva's grace]
 32764 | Orc:2    | Bought a scroll of teleportation for 36 gold pieces
 32764 | Orc:2    | Bought a scroll of enchant armour for 90 gold pieces
 32764 | Orc:2    | Bought a scroll of teleportation for 36 gold pieces
 32765 | Orc:2    | Bought a crystal scimitar for 234 gold pieces
 32765 | Orc:2    | Identified the +11 scimitar "Wiywamim" {flame, Dex+7} (You bought it in a shop on level 2 of the Orcish Mines)
 32767 | Orc:2    | Bought a potion of agility for 64 gold pieces
 32767 | Orc:2    | Bought a potion of curing for 48 gold pieces
 32767 | Orc:2    | Bought 2 potions of agility for 128 gold pieces
 32767 | Orc:2    | Bought 2 potions of curing for 96 gold pieces
 32767 | Orc:2    | Bought a potion of agility for 64 gold pieces
 32768 | Orc:2    | Bought a potion of agility for 56 gold pieces
 32768 | Orc:2    | Bought a potion of agility for 56 gold pieces
 32768 | Orc:2    | Bought a potion of curing for 42 gold pieces
 32768 | Orc:2    | Bought a potion of curing for 42 gold pieces
 32768 | Orc:2    | Bought a potion of invisibility for 112 gold pieces
 33190 | Slime:1  | Entered Level 1 of the Pits of Slime
 33197 | Slime:2  | Noticed an acid blob
 33209 | Slime:3  | Noticed an azure jelly
 33209 | Slime:3  | Noticed an acid blob
 33212 | Slime:3  | Noticed an azure jelly
 33216 | Slime:3  | Noticed an acid blob
 33234 | Slime:5  | Entered Level 5 of the Pits of Slime
 33234 | Slime:5  | Noticed an azure jelly
 33238 | Slime:5  | Noticed an acid blob
 33240 | Slime:5  | Noticed an acid blob
 33248 | Slime:5  | Found a viscous altar of Jiyva.
 33248 | Slime:5  | Noticed an acid blob
 33249 | Slime:5  | Noticed an acid blob
 33249 | Slime:5  | Noticed an acid blob
 33249 | Slime:5  | Noticed the Royal Jelly
 33251 | Slime:5  | Gained mutation: You have a pair of small horns on your head. [Jiyva's grace]
 33255 | Slime:5  | Found the +9 sword of Zonguldrok {reap}
 33258 | Slime:5  | Lost mutation: You have a pair of small horns on your head. [Jiyva's grace]
 33262 | Slime:5  | Gained mutation: You have a somewhat thin skeletal structure. (Dex +2, Stealth) [Jiyva's grace]
 33278 | Slime:5  | Lost mutation: You have a somewhat thin skeletal structure. (Dex +2, Stealth) [Jiyva's grace]
 33279 | Slime:5  | Noticed an acid blob
 33290 | Slime:5  | Noticed an acid blob
 33297 | Slime:5  | Gained mutation: You are covered in slimy tendrils that may disarm your opponents. [Jiyva's grace]
 33302 | Slime:5  | Noticed an acid blob
 33310 | Slime:5  | Identified the ring of Noxiqiqi {Ice Str+4 Stlth+} (You found it on level 5 of the Pits of Slime)
 33313 | Slime:5  | Got a slimy rune of Zot
 33325 | Slime:5  | Got an iridescent quick blade
 33326 | Slime:5  | Identified the cursed +1 quick blade "Arcanum" {protect, rPois Dex+2} (You found it on level 5 of the Pits of Slime)
 33350 | Slime:5  | Killed an acid blob
 33352 | Slime:5  | Killed an acid blob
 33621 | D:13     | Found a gate to the Vaults.
 33635 | D:12     | Reached skill level 1 in Long Blades
 33808 | D:13     | Gained mutation: You are resistant to hostile enchantments. (MR+) [Jiyva's grace]
 34190 | D:13     | Gained mutation: Your spells are a little harder to cast, but a little more powerful. [Jiyva's grace]
 34357 | D:13     | Gained mutation: You have a small jelly attached to you that may absorb incoming projectiles. [Jiyva's grace]
 34627 | D:14     | Found a labyrinth entrance.
 34632 | Lab      | Entered a labyrinth
 34704 | Lab      | Identified the +6 falchion of the Egg {speed, Str+5} (You found it in a labyrinth)
 34797 | Lab      | Gained mutation: You have sharp toenails. [Jiyva's grace]
 34812 | Lab      | Reached skill level 5 in Long Blades
 34817 | Lab      | Identified the Compendium of Enthralling Unholy Rites
 34817 | Lab      | Identified the Compendium of Snow and Companions
 35695 | D:14     | Found a white marble altar of Elyvilon.
 35941 | D:14     | Lost mutation: You are covered in slimy tendrils that may disarm your opponents. [Jiyva's grace]
 36004 | D:15     | Entered Level 15 of the Dungeon
 36231 | D:15     | Found a staircase to the Depths.
 36911 | D:15     | Got a pair of faintly glowing gloves
 36917 | D:15     | Identified the +0 pair of gloves of Vlad {-Cast Str+2 Int+3 Dex+6} (You acquired it on level 15 of the Dungeon)
 37066 | D:15     | Lost mutation: You are resistant to hostile enchantments. (MR+) [Jiyva's grace]
 37212 | D:15     | Found a runed gate.
 37213 | D:15     | Found a runed gate.
 37214 | D:15     | Found a runed gate.
 37222 | D:15     | Noticed Opek's ghost (journeyman DEFE)
 37297 | D:15     | Found a glowing silver altar of Zin.
 37483 | D:15     | Reached skill level 1 in Shields
 37991 | Lair:3   | Gained mutation: You possess an exceptional clarity of mind. [Jiyva's grace]
 38107 | Slime:5  | Killed an acid blob
 38120 | Slime:5  | Killed an acid blob
 38123 | Slime:5  | Killed an azure jelly
 38137 | Slime:5  | Killed an acid blob
 38292 | Swamp:1  | Entered Level 1 of the Swamp
 38370 | Swamp:1  | Gained mutation: You are agile. (Dex +2) [Jiyva's grace]
 38577 | Swamp:1  | Gained mutation: Your spells are harder to cast, but more powerful. [Jiyva's grace]
 38822 | Swamp:1  | Reached XP level 17. HP: 113/113 MP: 23/23
 38865 | Swamp:1  | Found an iron altar of Okawaru.
 39326 | Swamp:2  | Lost mutation: You have a small jelly attached to you that may absorb incoming projectiles. [Jiyva's grace]
 39397 | Swamp:2  | Reached skill level 5 in Shields
 39433 | Swamp:2  | Gained mutation: Your system is resistant to poisons. (rPois) [Jiyva's grace]
 40390 | Swamp:3  | Found a transporter.
 40699 | Swamp:3  | Found a transporter.
 40920 | Swamp:3  | Gained mutation: Your flesh is cold resistant. (rC+) [Jiyva's grace]
 40939 | Swamp:3  | Noticed a thorn hunter
 40953 | Swamp:3  | Killed a thorn hunter
 41128 | Swamp:3  | Identified the Grimoire of Combat Magic and Calling
 41133 | Swamp:3  | Got a faintly glowing silver ring
 41149 | Swamp:3  | Got a wavering iron amulet
 41150 | Swamp:3  | Identified the amulet of Tonyunad {Acrobat Dex+7} (You found it on level 3 of the Swamp)
 41190 | Swamp:3  | Identified the ring of Xurogodgh {rElec rF+++ Int-3 Dex+2 Stlth+} (You found it on level 3 of the Swamp)
 41192 | Swamp:4  | Entered Level 4 of the Swamp
 41411 | Swamp:4  | Noticed the 27-headed Lernaean hydra
 41416 | Swamp:4  | Slimified the 27-headed Lernaean hydra
 41416 | Swamp:4  | Noticed an acid blob shaped Lernaean hydra
 41416 | Swamp:4  | the 27-headed Lernaean hydra changed into an acid blob shaped Lernaean hydra
 41639 | Swamp:4  | Reached skill level 10 in Long Blades
 41666 | Swamp:4  | Gained mutation: Armour fits poorly on your strangely shaped body. [Jiyva's grace]
 41737 | Swamp:4  | Killed an acid blob shaped Lernaean hydra
 41870 | Swamp:4  | Got a decaying rune of Zot
 41916 | Swamp:3  | Lost mutation: You have a small jelly attached to you that senses nearby items. [Jiyva's grace]
 42030 | Spider:1 | Entered Level 1 of the Spider Nest
 42187 | Spider:1 | Gained mutation: You have supernaturally acute eyesight. (SInv) [Jiyva's grace]
 42357 | Spider:1 | Reached XP level 18. HP: 116/116 MP: 24/24
 42361 | Spider:1 | Lost mutation: You are agile. (Dex +2) [Jiyva's grace]
 42739 | Spider:1 | Gained mutation: You are covered in fur. (AC +1) [Jiyva's grace]
 43204 | Spider:2 | Gained mutation: Your rubbery body absorbs attacks. (AC +1, EV +1) [Jiyva's grace]
 43615 | Spider:2 | Gained mutation: You are partially covered in rugged brown scales. (AC +1, +3% HP) [Jiyva's grace]
 43839 | Spider:2 | Lost mutation: Armour fits poorly on your strangely shaped body. [Jiyva's grace]
 44349 | Spider:3 | Gained mutation: You have a small jelly attached to you that may absorb incoming projectiles. [Jiyva's grace]
 44408 | Spider:3 | Gained mutation: You have a pair of small horns on your head. [Jiyva's grace]
 44526 | Spider:4 | Entered Level 4 of the Spider Nest
 44552 | Spider:4 | Noticed Arachne
 44839 | Spider:3 | Killed Arachne
 45367 | Spider:4 | Identified the ring of the Final Realms {rPois Str+2} (You found it on level 4 of the Spider Nest)
 45401 | Spider:4 | Lost mutation: You have sharp toenails. [Jiyva's grace]
 45490 | Spider:4 | Noticed Roxanne
 45519 | Spider:4 | Killed Roxanne
 45519 | Spider:4 | Reached XP level 19. HP: 94/123 MP: 25/25
 45520 | Spider:4 | Identified Roxanne's Papyrus of Shape Shifting (You took it off Roxanne on level 4 of the Spider Nest)
 45907 | Spider:4 | Lost mutation: Your spells are harder to cast, but more powerful. [Jiyva's grace]
 46138 | Spider:4 | Reached skill level 10 in Armour
 46482 | Spider:4 | Got a gossamer rune of Zot
 46822 | Lair:1   | Lost mutation: You are covered in fur. (AC +1) [Jiyva's grace]
 47533 | Elf:1    | Entered Level 1 of the Elven Halls
 47769 | Elf:1    | Found Damaguru's Gadget Shoppe.
 47780 | Elf:1    | Found Tuuscheat's Food Emporium.
 47843 | Elf:1    | Gained mutation: Your spells are harder to cast, but more powerful. [Jiyva's grace]
 47872 | Elf:1    | Lost mutation: Your system is resistant to poisons. (rPois) [Jiyva's grace]
 47902 | Elf:1    | Found a transporter.
 47902 | Elf:1    | Found a transporter.
 47902 | Elf:1    | Noticed Ymberto's ghost (journeyman DEFE)
 47906 | Elf:1    | Lost mutation: You have a pair of small horns on your head. [Jiyva's grace]
 47949 | Elf:1    | Noticed Louise
 47954 | Elf:1    | Killed Louise
 48370 | Elf:1    | Lost mutation: You possess an exceptional clarity of mind. [Jiyva's grace]
 48718 | Elf:1    | Noticed a Tzitzimitl
 48964 | Elf:1    | Gained mutation: Armour fits poorly on your pseudopods. [Jiyva's grace]
 49022 | Elf:1    | Gained mutation: You are partially covered in icy blue scales. (AC +2) [Jiyva's grace]
 49553 | Elf:2    | Found a runed gate.
 49555 | Elf:2    | Found a runed gate.
 49562 | Elf:2    | Found a runed gate.
 49679 | Elf:2    | Found a huge runed gate.
 49681 | Elf:2    | Found a huge runed gate.
 49684 | Elf:2    | Found a huge runed gate.
 49860 | Elf:2    | Lost mutation: Armour fits poorly on your pseudopods. [Jiyva's grace]
 49911 | Elf:2    | Noticed Malor's ghost (adept GrFi)
 49961 | Elf:2    | Killed Malor's ghost
 49961 | Elf:2    | Reached XP level 20. HP: 69/130 MP: 26/26
 50083 | Elf:2    | Gained mutation: You are covered in slimy tendrils that may disarm your opponents. [Jiyva's grace]
 50211 | Elf:2    | Reached skill level 16 in Fighting
 50271 | Elf:2    | Gained mutation: Your spells are much harder to cast, but much more powerful. [Jiyva's grace]
 50280 | Elf:2    | Gained mutation: You passively map a small area around you. [Jiyva's grace]
 50398 | Elf:3    | Entered Level 3 of the Elven Halls
 51037 | Elf:3    | Gained mutation: You have a small jelly attached to you that senses nearby items. [Jiyva's grace]
 51118 | Elf:3    | Noticed an Ice Fiend
 51458 | Elf:3    | Lost mutation: Your spells are much harder to cast, but much more powerful. [Jiyva's grace]
 51471 | Elf:3    | Noticed an Ice Fiend
 51488 | Elf:3    | Got a vibrating brass ring
 51495 | Elf:3    | Identified the ring "Uheng" {rF+ rN+ MR- SInv Stlth+} (You took it off a deep elf elementalist on level 3 of the Elven Halls)
 51506 | Elf:3    | Gained mutation: Your system is resistant to poisons. (rPois) [Jiyva's grace]
 51593 | Elf:3    | Gained mutation: You are robust. (+10% HP) [Jiyva's grace]
 51617 | Elf:3    | Gained mutation: Your pliable body absorbs attacks. (AC +2, EV +2) [Jiyva's grace]
 51893 | Elf:3    | Got an uncursed ancient mace {crush}
 51896 | Elf:3    | Got a fine lead ring
 51963 | Elf:3    | Noticed a Brimstone Fiend
 52137 | Elf:3    | Got a heavily runed wooden ring
 52141 | Elf:3    | Lost mutation: Your flesh is cold resistant. (rC+) [Jiyva's grace]
 52155 | Elf:3    | Lost mutation: Your spells are harder to cast, but more powerful. [Jiyva's grace]
 52158 | Elf:3    | Got an uncursed crude broad axe {chop}
 52224 | Elf:3    | Reached skill level 17 in Fighting
 52242 | Elf:3    | Identified the Collected Works on Stones and Darkness
 52310 | Elf:3    | Gained mutation: Your movements are slightly less encumbered by armour. (ER -2) [Jiyva's grace]
 52313 | Elf:3    | Got a sapphire fustibalus
 52333 | Elf:3    | Identified the Grimoire of Malediction and Protection
 52348 | Elf:3    | Lost mutation: You passively map a small area around you. [Jiyva's grace]
 52360 | Elf:3    | Identified Plog's Lost Incunabulum of the Archmage
 52452 | Elf:3    | Reached XP level 21. HP: 153/153 MP: 27/27
 52475 | Elf:3    | Identified the ring "Acyts" {Fire Str+5} (You took it off a deep elf annihilator on level 3 of the Elven Halls)
 52477 | Elf:3    | Identified the ring of Xyshavot {AC+5 Int+6} (You took it off a deep elf blademaster on level 3 of the Elven Halls)
 52606 | Vaults:1 | Entered Level 1 of the Vaults
 53482 | Vaults:1 | Gained mutation: Your spells are harder to cast, but more powerful. [Jiyva's grace]
 53519 | Vaults:1 | Lost mutation: You are robust. (+10% HP) [Jiyva's grace]
 54182 | Vaults:1 | Lost mutation: Your movements are slightly less encumbered by armour. (ER -2) [Jiyva's grace]
 54693 | Vaults:2 | Gained mutation: You have acidic saliva. [Jiyva's grace]
 54727 | Vaults:2 | Found a staircase to the Crypt.
 54727 | Vaults:2 | Found an ancient bone altar of Kikubaaqudgha.
 54727 | Vaults:2 | Found a basalt altar of Yredelemnul.
 54818 | Vaults:2 | Gained mutation: Your flesh is heat resistant. (rF+) [Jiyva's grace]
 54875 | Vaults:2 | Lost mutation: You are partially covered in icy blue scales. (AC +2) [Jiyva's grace]
 55204 | Vaults:2 | Reached skill level 18 in Fighting
 55248 | Vaults:2 | Lost mutation: You are covered in slimy tendrils that may disarm your opponents. [Jiyva's grace]
 55478 | Vaults:2 | Identified the +1 leather armour of Perfidy {rF+ MR+} (You found it on level 2 of the Vaults)
 55479 | Vaults:2 | Gained mutation: Your mind is acute. (Int +2) [Jiyva's grace]
 55871 | Vaults:3 | Reached XP level 22. HP: 151/151 MP: 28/28
 55931 | Vaults:3 | Lost mutation: Your pliable body absorbs attacks. (AC +2, EV +2) [Jiyva's grace]
 56139 | Vaults:3 | Gained mutation: You have a pair of small antennae on your head. [Jiyva's grace]
 56159 | Vaults:3 | Gained mutation: Your body has grown golden eyes which may confuse attackers. (Acc +3) [Jiyva's grace]
 56309 | Vaults:3 | Lost mutation: You are partially covered in rugged brown scales. (AC +1, +3% HP) [Jiyva's grace]
 56448 | Vaults:3 | Gained mutation: You are resistant to electric shocks. (rElec) [Jiyva's grace]
 56741 | Vaults:3 | Lost mutation: Your flesh is heat resistant. (rF+) [Jiyva's grace]
 56824 | Vaults:3 | Gained mutation: Your mind is very acute. (Int +4) [Jiyva's grace]
 56859 | Vaults:3 | Gained mutation: You are somewhat resistant to further mutation. [Jiyva's grace]
 56895 | Vaults:3 | Noticed Mara
 56914 | Vaults:3 | Killed Mara
 57232 | Vaults:3 | Gained mutation: Your flesh is heat resistant. (rF+) [Jiyva's grace]
 57303 | Vaults:4 | Got an aquamarine-encrusted plate armour
 57549 | Vaults:4 | Found the +6 arbalest "Damnation" {damnation}
 57615 | Vaults:4 | Found a stormy altar of Qazlal.
 57751 | Vaults:4 | Identified the cursed +0 plate armour of Tyebyin {-Tele rN+ Regen+ Int+6} (You found it on level 4 of the Vaults)
 57846 | Vaults:4 | Gained mutation: You are robust. (+10% HP) [Jiyva's grace]
 57919 | Vaults:4 | Reached skill level 19 in Fighting
 57923 | Vaults:4 | Lost mutation: Your flesh is heat resistant. (rF+) [Jiyva's grace]
 57999 | Vaults:4 | Gained mutation: You have large cloven feet. [Jiyva's grace]
 58134 | Vaults:4 | Gained mutation: You are surrounded by a mild repulsion field. (EV +2) [Jiyva's grace]
 58581 | D:15     | Killed Opek's ghost
 58648 | Depths:1 | Entered Level 1 of the Depths
 58745 | D:15     | Lost mutation: You are robust. (+10% HP) [Jiyva's grace]
 58816 | D:15     | Reached XP level 23. HP: 131/155 MP: 29/29
 58883 | D:15     | Lost mutation: You are resistant to electric shocks. (rElec) [Jiyva's grace]
 59273 | Depths:1 | Lost mutation: Your system is resistant to poisons. (rPois) [Jiyva's grace]
 59388 | Depths:1 | Lost mutation: You have large cloven feet. [Jiyva's grace]
 59409 | Depths:1 | Noticed Nikola
 59436 | Depths:1 | Slimified Nikola
 59436 | Depths:1 | Noticed Nikola
 59436 | Depths:1 | Nikola changed into Nikola the acid blob
 59440 | Depths:1 | Gained mutation: You can translocate small distances at will. [Jiyva's grace]
 59724 | Depths:1 | Lost mutation: You can translocate small distances at will. [Jiyva's grace]
 59862 | Depths:1 | Found a gateway to Hell.
 59890 | Depths:1 | Reached skill level 15 in Armour
 59912 | Depths:1 | Lost mutation: You have a pair of small antennae on your head. [Jiyva's grace]
 60367 | Depths:2 | Gained mutation: You are agile. (Dex +2) [Jiyva's grace]
 60539 | Depths:2 | Lost mutation: You have acidic saliva. [Jiyva's grace]
 60588 | Depths:2 | Found a one-way gate to the infinite horrors of the Abyss.
 60743 | Depths:2 | Gained mutation: Your system is resistant to poisons. (rPois) [Jiyva's grace]
 60944 | Depths:2 | Identified the Collected Works on Combat Magic
 61281 | Depths:3 | Reached XP level 24. HP: 114/162 MP: 29/29
 61356 | Depths:3 | Lost mutation: You are somewhat resistant to further mutation. [Jiyva's grace]
 61356 | Depths:3 | Gained mutation: You evolve. [Jiyva's grace]
 61388 | Depths:3 | Lost mutation: You are agile. (Dex +2) [Jiyva's grace]
 61416 | Depths:3 | Gained mutation: You have sharp toenails. [Jiyva's grace]
 61467 | Depths:3 | Gained mutation: Your body has grown many golden eyes which may confuse attackers. (Acc +5) [Jiyva's grace]
 61506 | Depths:3 | Lost mutation: You have supernaturally acute eyesight. (SInv) [Jiyva's grace]
 61521 | Depths:3 | Found a corrupted altar of Lugonu.
 61660 | Depths:3 | Found a one-way gate leading to the halls of Pandemonium.
 62246 | Depths:3 | Gained mutation: You are partially covered in rugged brown scales. (AC +1, +3% HP) [Jiyva's grace]
 62364 | Depths:3 | Gained mutation: Your muscles are strong. (Str +2) [evolution]
 62678 | Depths:3 | Got a slimy tin ring
 62679 | Depths:3 | Identified the ring of Toanoduth {Dex+3 Stlth+} (You took it off a boggart on level 3 of the Depths)
 62684 | Depths:3 | Found a shadowy altar of Dithmenos.
 62691 | Depths:3 | Got fine shadow dragon scales
 62692 | Depths:3 | Identified the +0 shadow dragon scales of the Blacksmith {Dex+2 Slay+3 Stlth++++} (You found it on level 3 of the Depths)
 62734 | Depths:3 | Identified the Handbook of Freezing Heat
 63039 | Depths:4 | Noticed a juggernaut
 63058 | Depths:4 | Slimified a juggernaut
 63058 | Depths:4 | a juggernaut changed into an acid blob
 63232 | Depths:4 | Lost mutation: Your system is resistant to poisons. (rPois) [Jiyva's grace]
 63253 | Depths:4 | Lost mutation: You have a small jelly attached to you that senses nearby items. [Jiyva's grace]
 63324 | Depths:4 | Gained mutation: You are agile. (Dex +2) [Jiyva's grace]
 63339 | Depths:4 | Gained mutation: Your translucent skin slightly reduces your foes' accuracy. (Stealth) [Jiyva's grace]
 63566 | Depths:4 | Lost mutation: You are surrounded by a mild repulsion field. (EV +2) [Jiyva's grace]
 63915 | Depths:4 | Lost mutation: You evolve. [Jiyva's grace]
 63931 | Depths:4 | Lost mutation: You have a small jelly attached to you that may absorb incoming projectiles. [Jiyva's grace]
 63987 | Depths:4 | Found a runed door.
 63994 | Depths:4 | Noticed Heuceoga's ghost (adept OgFE)
 64169 | Depths:4 | Killed Heuceoga's ghost
 64192 | Depths:5 | Entered Level 5 of the Depths
 64228 | Depths:5 | Found a gateway to a ziggurat.
 64230 | Depths:5 | Gained mutation: You have a small jelly attached to you that senses nearby items. [Jiyva's grace]
 64328 | Depths:5 | Reached XP level 25. HP: 152/173 MP: 29/29
 64369 | D:8      | Gained mutation: Your flesh is cold resistant. (rC+) [Jiyva's grace]
 64510 | Depths:5 | Lost mutation: Your flesh is cold resistant. (rC+) [Jiyva's grace]
 64565 | Depths:5 | Lost mutation: Your mind is very acute. (Int +4) [Jiyva's grace]
 64727 | Depths:5 | Found a gate to the Realm of Zot.
 64751 | Depths:5 | Gained mutation: Your spells are much harder to cast, but much more powerful. [Jiyva's grace]
 65133 | Depths:5 | Lost mutation: Your mind is acute. (Int +2) [Jiyva's grace]
 65416 | Zot:1    | Entered Level 1 of the Realm of Zot
 65442 | Zot:1    | Noticed an orb of fire
 65468 | Zot:1    | Lost mutation: Your muscles are strong. (Str +2) [an orb of fire]
 65472 | Zot:1    | Killed an orb of fire
 65598 | Zot:1    | Gained mutation: You are very agile. (Dex +4) [Jiyva's grace]
 65726 | Zot:1    | Noticed a curse toe
 65772 | Zot:1    | Lost mutation: Your spells are much harder to cast, but much more powerful. [Jiyva's grace]
 66358 | Zot:1    | Noticed a curse toe
 66398 | Zot:1    | Killed a curse toe
 66744 | Zot:1    | Killed a curse toe
 67954 | Zot:2    | Reached XP level 26. HP: 149/178 MP: 29/29
 68332 | Zot:2    | Gained mutation: Armour fits poorly on your pseudopods. [Jiyva's grace]
 68824 | Zot:3    | Noticed an orb of fire
 68825 | Zot:3    | Noticed an orb of fire
 68825 | Zot:3    | Gained mutation: Scrolls take you a little longer to read. [an orb of fire]
 68834 | Zot:3    | Lost mutation: Your body has grown many golden eyes which may confuse attackers. (Acc +5) [an orb of fire]
 68835 | Zot:3    | Gained mutation: Scrolls take you longer to read. [an orb of fire]
 68840 | Zot:3    | Gained mutation: You are frail. (-10% HP) [an orb of fire]
 68841 | Zot:3    | Gained mutation: You are very frail. (-20% HP) [an orb of fire]
 68842 | Zot:3    | Killed an orb of fire
 68845 | Zot:3    | Gained mutation: You are dopey. (Int -2) [an orb of fire]
 68862 | Zot:3    | Killed an orb of fire
 68863 | Zot:3    | Lost mutation: You are dopey. (Int -2) [Jiyva's power]
 68867 | Zot:3    | Lost mutation: You are very frail. (-20% HP) [Jiyva's power]
 68868 | Zot:3    | Lost mutation: Scrolls take you longer to read. [Jiyva's power]
 68869 | Zot:3    | Lost mutation: You are frail. (-10% HP) [Jiyva's power]
 68919 | Zot:3    | Got a jewelled lajatang
 68993 | Zot:3    | Gained mutation: You are mostly covered in rugged brown scales. (AC +2, +5% HP) [Jiyva's grace]
 69098 | Zot:3    | Lost mutation: Your spells are harder to cast, but more powerful. [Jiyva's grace]
 69153 | Zot:3    | Gained mutation: You have acidic saliva. [Jiyva's grace]
 69183 | Zot:3    | Lost mutation: Scrolls take you a little longer to read. [Jiyva's grace]
 69196 | Zot:3    | Lost mutation: You are very agile. (Dex +4) [Jiyva's grace]
 69268 | Zot:3    | Got a bloodstained hand axe
 70095 | Zot:4    | Reached XP level 27. HP: 187/187 MP: 29/29
 70170 | Zot:4    | Gained mutation: Armour fits poorly on your large pseudopods. [Jiyva's grace]
 70563 | Zot:4    | Noticed an orb of fire
 70565 | Zot:4    | Gained mutation: You are weak. (Str -2) [an orb of fire]
 70570 | Zot:4    | Lost mutation: You are agile. (Dex +2) [an orb of fire]
 70577 | Zot:4    | Gained mutation: Potions are less effective at restoring your health. [an orb of fire]
 70584 | Zot:4    | Killed an orb of fire
 70845 | Zot:4    | Lost mutation: You are weak. (Str -2) [Jiyva's power]
 70846 | Zot:4    | Lost mutation: Potions are less effective at restoring your health. [Jiyva's power]
 70859 | Zot:4    | Lost mutation: You have sharp toenails. [Jiyva's grace]
 71064 | Zot:4    | Gained mutation: Your body has grown many golden eyes which may confuse attackers. (Acc +5) [Jiyva's grace]
 71092 | Zot:4    | Lost mutation: Your spells are a little harder to cast, but a little more powerful. [Jiyva's grace]
 71242 | Zot:5    | Entered Level 5 of the Realm of Zot
 71388 | Zot:5    | Reached skill level 20 in Fighting
 71734 | Zot:5    | Gained mutation: You are agile. (Dex +2) [Jiyva's grace]
 71748 | Zot:5    | Noticed an ancient lich
 71756 | Zot:5    | Noticed an ancient lich
 71764 | Zot:5    | Killed an ancient lich
 71838 | Zot:4    | Gained mutation: Your body is covered in golden eyes which may confuse attackers. (Acc +7, SInv) [Jiyva's grace]
 72129 | Zot:5    | Noticed an ancient lich
 72143 | Zot:5    | Killed an ancient lich
 72151 | Zot:5    | Cast into level 5 of the Abyss (an ancient lich)
 72151 | Abyss:5  | Entered Level 5 of the Abyss
 72158 | Abyss:5  | Found a corrupted altar of Lugonu.
 72165 | Zot:5    | Escaped the Abyss
 72173 | Zot:5    | Killed an ancient lich
 72173 | Zot:5    | Reached skill level 21 in Fighting
 72765 | Zot:5    | Noticed an orb of fire
 72765 | Zot:5    | Gained mutation: You tend to lose your temper in combat. [an orb of fire]
 72782 | Zot:5    | Killed an orb of fire
 72842 | Zot:5    | Reached skill level 22 in Fighting
 73041 | Zot:5    | Noticed an orb of fire
 73043 | Zot:5    | Gained mutation: You are occasionally teleported next to monsters. [an orb of fire]
 73053 | Zot:5    | Gained mutation: Your body sometimes deteriorates upon taking damage. [an orb of fire]
 73054 | Zot:5    | Killed an orb of fire
 73055 | Zot:5    | Lost mutation: You tend to lose your temper in combat. [Jiyva's power]
 73068 | Zot:5    | Lost mutation: You are agile. (Dex +2) [Jiyva's grace]
 73099 | Zot:5    | Noticed an ancient lich
 73124 | Zot:5    | Killed an ancient lich
 73305 | Zot:5    | Lost mutation: Your body is covered in golden eyes which may confuse attackers. (Acc +7, SInv) [the power of Zot]
 73415 | Zot:5    | Reached skill level 23 in Fighting
 73541 | Zot:5    | Got the Orb of Zot
 73587 | Zot:5    | Noticed an orb of fire
 73588 | Zot:5    | Noticed an ancient lich
 73590 | Zot:5    | Cast into level 5 of the Abyss (an ancient lich)
 73590 | Abyss:5  | Entered Level 5 of the Abyss
 73676 | Abyss:5  | Found a hazy altar of Hepliaklqana.
 73728 | Abyss:5  | Gained mutation: Your flesh is heat resistant. (rF+) [Jiyva's grace]
 73858 | Abyss:5  | Reached skill level 24 in Fighting
 73880 | Abyss:5  | Found a corrupted altar of Lugonu.
 73887 | Abyss:5  | Got an abyssal rune of Zot
 73928 | Zot:5    | Escaped the Abyss
 73938 | Zot:5    | Killed an ancient lich
 73955 | Zot:5    | Killed an orb of fire
 74171 | Zot:1    | Gained mutation: You have large cloven feet. [Jiyva's grace]
 74397 | D:15     | Noticed Ihedghuc the pandemonium lord
 74412 | D:15     | Killed Ihedghuc the pandemonium lord
 74456 | D:15     | Lost mutation: Your body sometimes deteriorates upon taking damage. [Jiyva's grace]
 74569 | D:9      | Noticed Jedup the pandemonium lord
 74653 | D:8      | Reached skill level 25 in Fighting
 74887 | D:$      | Escaped with the Orb!

Skill      XL: |  1  2  3  4  5  6  7  8  9 10 11 12 13 14 15 16 17 18 19 20 21 22 23 24 25 26 27 |
---------------+----------------------------------------------------------------------------------+-----
Short Blades   | 1 2 3 5 6 7 13 14 | 14.0
Air Magic      | 1 2 3 |  3.4
Conjurations   | 2 3 4 5 |  5.3
Fighting       | 2 5 8 9 12 14 15 17 18 19 25 | 25.0
Dodging        | 4 6 9 10 13 15 17 18 19 20 21 22 | 22.2
Fire Magic     | 6 |  6.1
Spellcasting   | 3 4 |  4.4
Armour         | 4 7 9 11 12 13 14 16 18 20 22 23 | 23.7
Long Blades    | 8 11 12 | 12.9
Shields        | 3 5 |  5.6
Stealth        | |  2.6
Poison Magic   | |  3.0

Action                   |  1- 3 |  4- 6 |  7- 9 | 10-12 | 13-15 | 16-18 | 19-21 | 22-24 | 25-27 || total
-------------------------+-------+-------+-------+-------+-------+-------+-------+-------+-------++-------
Melee: Dagger            |     8 |       |       |       |       |       |       |       |       ||     8
       Short sword       |    81 |   162 |    43 |       |       |       |       |       |       ||   286
       Rapier            |       |       |   176 |   626 |  1427 |    51 |   685 |       |       ||  2965
       Pseudopods        |       |       |       |       |    35 |     8 |    45 |       |   701 ||   789
       Scimitar          |       |       |       |       |       |  1210 |   418 |       |       ||  1628
       Quick blade       |       |       |       |       |       |    70 |       |       |       ||    70
       Headbutt          |       |       |       |       |       |    76 |   141 |       |       ||   217
       Demon blade       |       |       |       |       |       |       |   538 |  1998 |  2033 ||  4569
       Bite              |       |       |       |       |       |       |    66 |   399 |   331 ||   796
Throw: Tomahawk          |       |       |       |     1 |       |       |       |       |       ||     1
 Cast: Sting             |    47 |   118 |    80 |     5 |       |       |       |       |       ||   250
       Mephitic Cloud    |       |     3 |     7 |    14 |     1 |       |       |       |       ||    25
       Sticky Flame      |       |       |     1 |    27 |    66 |       |       |       |       ||    94
Invok: Slimify           |       |       |       |       |       |     1 |     3 |    16 |    16 ||    36
       Cure Bad Mutation |       |       |       |       |       |       |       |       |     7 ||     7
       Request Jelly     |       |       |       |       |       |       |       |       |     1 ||     1
Evoke: Wand              |       |       |     1 |       |     4 |     3 |     4 |       |     3 ||    15
  Use: Scroll            |       |     3 |     3 |    11 |    22 |    13 |    15 |    18 |    13 ||    98
       Potion            |       |       |       |     3 |     6 |     2 |     1 |     3 |    38 ||    53
 Stab: Sleeping          |     3 |     3 |     2 |    15 |     7 |    11 |    16 |     4 |     2 ||    63
       Confused          |       |     2 |     8 |     2 |       |       |       |    35 |    47 ||    94
       Paralysed         |       |       |     3 |       |     2 |       |     2 |       |       ||     7
       Invisible         |       |       |       |     3 |       |       |       |       |       ||     3
       Distracted        |       |       |       |     1 |       |    11 |     6 |     6 |     8 ||    32
       Fleeing           |       |       |       |       |       |       |       |     1 |       ||     1
  Eat: Chunk             |    11 |    15 |    13 |    31 |    65 |       |       |       |       ||   135
       Ration            |       |       |       |       |     1 |       |       |       |       ||     1
Armor: Robe              |     4 |    22 |     4 |       |       |       |       |       |       ||    30
       Leather armour    |       |       |    31 |    62 |   141 |   148 |   119 |    16 |       ||   517
       Ice dragon scales |       |       |       |       |       |       |       |   307 |   423 ||   730
Dodge: Dodged            |    66 |   124 |   143 |   394 |   994 |  1743 |  1245 |  1991 |  1866 ||  8566
Block: Buckler           |       |       |       |       |       |   741 |   597 |   866 |   717 ||  2921
       Rpst.: Scimitar   |       |       |       |       |       |   375 |    74 |       |       ||   449
       Demon blade       |       |       |       |       |       |       |    71 |   350 |   292 ||   713
